 Dungeon Crawl Stone Soup version 0.21.1-1-g345015fe64 (webtiles) character file.

220 KleinerIrrer the Shield-Bearer (level 6, -1/48 HPs)
             Began as a Formicid Fighter on Mar 17, 2018.
             Killed by divine providence
             ... invoked by an orc priest
              (14 damage)
             ... on level 3 of the Dungeon.
             The game lasted 00:02:58 (1656 turns).

KleinerIrrer the Shield-Bearer (Formicid Fighter)   Turns: 1656, Time: 00:02:59

Health: -1/48      AC:  8    Str: 22    XL:     6   Next: 18%
Magic:  6/6        EV:  8    Int:  8    God:
Gold:   62         SH: 10    Dex: 10    Spells: 5/5 levels left

rFire    . . .     SeeInvis +   a - +0 war axe
rCold    . . .     Gourm    .   c - +0 shield
rNeg     . . .     Faith    .   b - +0 scale mail
rPois    .         Spirit   .   (helmet unavailable)
rElec    .         Reflect  .   j - +0 cloak
rCorr    .         Harm     .   (no gloves)
MR       .....                  (no boots)
Stlth    ..........             (no amulet)
HPRegen  0.16/turn              g - ring of flight
MPRegen  0.10/turn              (no ring)

@: no status effects
A: permanent stasis, dig shafts and tunnels, four strong arms, antennae 3
a: Dig, Shaft Self, Evoke Flight


You were on level 3 of the Dungeon.
You were not hungry.

You visited 1 branch of the dungeon, and saw 3 of its levels.

You collected 62 gold pieces.

Inventory:

Hand Weapons
 a - a +0 war axe (weapon)
Armour
 b - a +0 scale mail (worn)
 c - a +0 shield (worn)
 j - a +0 cloak (worn)
Jewellery
 g - a ring of flight (left hand)
 m - a cursed ring of teleportation {unknown}
Scrolls
 e - 2 scrolls of identify
 i - a scroll of fog
 l - a scroll of immolation {unknown}
Potions
 d - a potion of might
 k - a potion of magic {unknown}
 n - 2 potions of berserk rage {unknown}
 o - a potion of ambrosia {unknown}
Comestibles
 f - 7 rations
 h - 6 chunks of flesh


   Skills:
 + Level 3.9 Fighting
 * Level 3.9 Axes
 + Level 4.3 Armour
 + Level 0.6 Dodging
 + Level 4.9 Shields


You had 5 spell levels left.
You didn't know any spells.

Dungeon Overview and Level Annotations

Branches:
Dungeon (3/15)

Altars:


Innate Abilities, Weirdness & Mutations

You cannot be hasted, slowed, berserked, paralysed or teleported.
You can dig through walls and to a lower floor.
Your four strong arms can wield two-handed weapons with a shield.
You have a pair of large antennae on your head. (SInv)


Message History

You closely miss the orc priest. You block the orc priest's attack.
You closely miss the orc priest. You block the orc priest's attack.
You hit the orc priest.
The orc priest is moderately wounded.
The orc priest hits you.
The orc priest hits you but does no damage.
You barely miss the orc priest.
The orc priest is moderately wounded.
The orc priest hits you.
You hit the orc priest.
The orc priest is heavily wounded.
The orc priest invokes the aid of Beogh against you.
Pain shoots through your body!
* * * LOW HITPOINT WARNING * * *
You slash the orc priest!
The orc priest is almost dead.
You block the orc priest's attack.
The orc priest invokes the aid of Beogh against you.
Beogh smites you!
You die...

#......###)).....#
........[........#
##...............#
#................#
##.................. .
..g.# ..................#.
. .g.# ##...............!.
..
.K.###{.######.............
.r .....
...#.Jo@...........
...#...o......######.#.####
.(.#..#..... .#.#
....oo...... .. .
....<....# ... .
.....J...... .....#
.....##..... ... ..$..#
.... ...#.. .##


You could see an orc priest and an ooze.

Vanquished Creatures
  A bullfrog (D:2)
  Natasha (D:2)
  An orc wizard (D:3)
  3 adders
  2 worms (D:2)
  3 dart slugs (D:1)
  2 leopard geckos
  6 orcs
  3 giant cockroaches
  3 goblins
  12 hobgoblins
  5 bats
  3 frilled lizards
  9 kobolds
  7 rats
61 creatures vanquished.

Notes
Turn   | Place    | Note
-------+----------+-------------------------------------------
     0 | D:1      | KleinerIrrer the Formicid Fighter began the quest for the Orb.
     0 | D:1      | Reached XP level 1. HP: 18/18 MP: 1/1
   113 | D:1      | Reached XP level 2. HP: 19/24 MP: 2/2
   494 | D:1      | Reached XP level 3. HP: 29/29 MP: 3/3
   977 | D:2      | Reached XP level 4. HP: 37/37 MP: 4/4
   992 | D:2      | Noticed a bullfrog
  1001 | D:2      | Killed a bullfrog
  1001 | D:2      | Reached XP level 5. HP: 34/42 MP: 5/5
  1148 | D:2      | Noticed Natasha
  1159 | D:2      | Killed Natasha
  1495 | D:3      | Reached XP level 6. HP: 20/48 MP: 6/6
  1656 | D:3      | Killed from afar by an orc priest

Skill      XL: |  1  2  3  4  5 |
---------------+----------------+-----
Shields        | 4 |  4.9
Axes           | 3 |  3.9
Armour         | 4 |  4.3
Fighting       | |  3.9
Dodging        | |  0.6

Action                   |  1- 3 |  4- 6 || total
-------------------------+-------+-------++-------
Melee: War axe           |   117 |    98 ||   215
  Use: Scroll            |     1 |       ||     1
  Eat: Chunk             |     1 |     2 ||     3
Armor: Scale mail        |    57 |    46 ||   103
Dodge: Dodged            |    44 |    41 ||    85
Block: Shield            |    59 |    61 ||   120
